 Dungeon Crawl Stone Soup version 0.19.4-9-g45fd643 (webtiles) character file.

1540 oplop the Chiller (level 8, -2/54 HPs)
             Began as an Octopode Ice Elementalist on Feb 20, 2017.
             Was a Follower of Cheibriados.
             Slain by a red ugly thing (18 damage)
             ... on level 8 of the Dungeon.
             The game lasted 00:21:55 (5115 turns).

oplop the Chiller (Octopode Ice Elementalist)       Turns: 5115, Time: 00:21:56

Health: -2/54      AC:  2    Str: 10    XL:     8   Next: 86%
Magic:  4/15       EV: 13    Int: 25    God:    Cheibriados [*.....]
Gold:   382        SH:  0    Dex: 14    Spells: 4 memorised, 4 levels left

rFire  . . .     SeeInvis .     u - +9 trident "Atusmum" {drain, +Inv MR+}
rCold  . . .     Gourm    .     (no shield)
rNeg   . . .     Faith    .     f - +1 hat
rPois  .         Spirit   .     A - amulet of regeneration
rElec  .         Reflect  .     g - ring of resist corrosion
rCorr  +         Harm     .     m - ring of flight
MR     +....                    r - +4 ring of intelligence
Stlth  +++.......               (no ring)
                                (no ring)
                                (no ring)
                                (no ring)
                                (no ring)

@: very slightly contaminated, very slow
A: almost no armour, stealthy swim, amphibious, 8 rings, constrict 8, camouflage
1, gelatinous body 1
a: Bend Time, Renounce Religion, Evoke Invisibility, Evoke Flight


You were on level 8 of the Dungeon.
You worshipped Cheibriados.
Cheibriados was aware of your devotion.
You were not hungry.

You visited 2 branches of the dungeon, and saw 9 of its levels.

You collected 382 gold pieces.

Inventory:

Hand Weapons
 u - the +9 trident "Atusmum" (weapon) {drain, +Inv MR+}
   (You found it on level 5 of the Dungeon)

   A truly terrible weapon, it drains the life of those it strikes.
   It affects your resistance to hostile enchantments.
   It lets you turn invisible.
Missiles
 l - 4 curare-tipped needles
 x - a throwing net (quivered)
Armour
 f - a +1 hat (worn)
Jewellery
 g - a ring of resist corrosion (left tentacle)
 k - an uncursed amulet of the gourmand
 m - a ring of flight (right tentacle)
 r - a +4 ring of intelligence (on tentacle)
 A - an amulet of regeneration (around mantle)
Wands
 s - a wand of slowing (17/48)
Scrolls
 c - a scroll of identify
 e - a scroll of fog
 h - 3 scrolls of blinking
 p - 2 scrolls of teleportation
 v - 4 scrolls of fear
 w - a scroll of enchant armour
 y - a scroll of amnesia {unknown}
Potions
 d - 2 potions of lignification
 o - 5 potions of curing
 t - a potion of cancellation
 B - a potion of heal wounds
Books
 a - a book of Frost

   Spells                             Type                      Level
   a - Freeze                         Ice                          1
   b - Throw Frost                    Conjuration/Ice              2
   c - Ozocubu's Armour               Charms/Ice                   3
   d - Throw Icicle                   Conjuration/Ice              4
   e - Summon Ice Beast               Ice/Summoning                4
Comestibles
 b - 2 bread rations
 i - 7 fruits
 j - 5 meat rations
 n - a royal jelly
 q - 2 slices of pizza
 z - a beef jerky
 C - 4 chunks of flesh


   Skills:
 + Level 3.8 Fighting
 - Level 2.0 Dodging
 - Level 2.6 Stealth
 - Level 4.6 Spellcasting
 - Level 1.0 Conjurations
 * Level 5.1 Summonings
 * Level 7.1 Ice Magic
 + Level 2.6 Invocations


You had 4 spell levels left.
You knew the following spells:

 Your Spells              Type           Power        Failure   Level  Hunger
a - Freeze                Ice            ####         1%          1    None
b - Ozocubu's Armour      Chrm/Ice       ###.....     8%          3    ##.....
c - Summon Ice Beast      Ice/Summ       #####...     10%         4    ####...
d - Throw Icicle          Conj/Ice       ####....     17%         4    ####...


Dungeon Overview and Level Annotations

Branches:
Dungeon (8/15)             Temple (1/1) D:5            Lair (0/6) D:8

Altars:
Ashenzari
Cheibriados
Dithmenos
Elyvilon
Fedhas
Gozag
Hepliaklqana
Kikubaaqudgha
Makhleb
Nemelex Xobeh
Okawaru
Qazlal
Ru
Sif Muna
Trog
Uskayaw
Vehumet
Xom
Yredelemnul
The Shining One

Shops:
D:4 ==

Annotations:
D:4 Dowan, Duvessa
D:5 exclusion: wight
D:6 Sigmund


Innate Abilities, Weirdness & Mutations

You cannot wear most types of armour.
You are very stealthy in the water. (Stealth+)
You are amphibious.
You can wear up to eight rings at the same time.
You can use your tentacles to constrict eight enemies at once.
Your skin changes colour to match your surroundings (Stealth+).
Your rubbery body absorbs attacks. (AC +1, EV +1)


Message History

Aim: a red ugly thing (lightly wounded)
You reach to attack!
You hit the red ugly thing.
The red ugly thing is moderately wounded.
The red ugly thing trunk-slaps your ice beast!
Your ice beast dies!
Your ice beast hits the red ugly thing.
Your ice beast freezes the red ugly thing!
You closely miss the red ugly thing. Your grab misses the red ugly thing.
The red ugly thing is heavily wounded.
Your ice beast hits the red ugly thing.
Your ice beast freezes the red ugly thing.
The red ugly thing trunk-slaps you!
You are engulfed in flames!
Your ice beast hits the red ugly thing.
Your ice beast freezes the red ugly thing!
You puncture the red ugly thing! Your grab misses the red ugly thing.
The red ugly thing is almost dead.
The red ugly thing trunk-slaps you!
* * * LOW HITPOINT WARNING * * *
You are engulfed in flames!!
You die...

#.# #....≈≈§u.#
#.####.$.......
#.#.......###.####
#####.#.#####.#......#
#)......# #.#......#
#.###.#.# ###.#....#.#
#.#
#.#.###.......##.#####
#.#
#.....Y.#.#.#.........
#.#
###..@u...#.#.##.#####
#.# #.#######......#
#). ...# ###.#### ###
##### #)# #.# #.# #)#
###.### #.([[.#


You could see a red ugly thing and a friendly ice beast.

Vanquished Creatures
  A sky beast (D:6)
  2 necrophages (D:5)
  An ogre (D:7)
  A centaur (D:7)
  2 bullfrogs (D:6)
  A water moccasin skeleton (D:7)
  A jelly (D:7)
  3 crimson imps
  A quasit (D:7)
  2 orc priests (D:7)
  3 orc wizards
  An iguana (D:5)
  2 worker ants
  6 adders
  7 gnolls (D:5)
  3 dart slugs
  3 leopard geckos
  18 orcs
  7 bats
  4 giant cockroaches
  9 goblins
  2 hobgoblins
  8 jackals
  A quokka (D:5)
  6 frilled lizards
  A jackal skeleton (D:4)
  A jackal zombie (D:5)
  3 kobolds
  6 rats
106 creatures vanquished.

Vanquished Creatures (collateral kills)
  A centaur skeleton (D:7)
  An ice beast (D:7)
  An orc priest (D:8)
  An orc wizard (D:7)
  3 orcs
7 creatures vanquished.

Vanquished Creatures (others)
  A worm (D:3)
  9 fungi (D:6)
10 creatures vanquished.

Grand Total: 123 creatures vanquished

Notes
Turn   | Place    | Note
-------+----------+-------------------------------------------
     0 | D:1      | oplop the Octopode Ice Elementalist began the quest for the Orb.
     0 | D:1      | Reached XP level 1. HP: 11/11 MP: 3/3
    95 | D:1      | Reached XP level 2. HP: 12/17 MP: 5/5
   564 | D:1      | Reached skill level 1 in Fighting
   627 | D:1      | Reached XP level 3. HP: 18/23 MP: 6/6
   772 | D:2      | Found a bloodstained altar of Trog.
   779 | D:2      | Found a deep blue altar of Sif Muna.
   788 | D:2      | Learned a level 3 spell: Ozocubu's Armour
   892 | D:2      | Found a faded altar of an unknown god.
  1331 | D:4      | Noticed Duvessa
  1331 | D:4      | Noticed Dowan
  1378 | D:3      | Reached skill level 4 in Ice Magic
  1378 | D:3      | Reached XP level 4. HP: 24/28 MP: 6/8
  1397 | D:3      | oplop: yo
  1402 | D:3      | Wingboner: Ня.
  1490 | D:3      | Wingboner: Давненько тебя не видел.
  1509 | D:3      | oplop: ну я давненько не заходил
  1509 | D:3      | oplop: так что все сходится
  1509 | D:3      | oplop: с 0.18 турнира
  1509 | D:3      | oplop: 0.19 турнир я чет прохлопал
  1509 | D:3      | Wingboner: Уже 20 скоро.
  1509 | D:3      | oplop: угу
  1527 | D:3      | Wingboner: Попробуй VM или AE.
  1536 | D:3      | Wingboner: Они лучше стали.
  1627 | D:3      | Reached XP level 5. HP: 23/33 MP: 5/9
  1637 | D:3      | oplop: окай
  1710 | D:3      | Wingboner: И лучше не трогай нового Cj...
  1710 | D:3      | oplop: я за кж не умею играть
  1710 | D:3      | Wingboner: Ему яйцо отрезали.
  1891 | D:3      | Wingboner: Вместо него дали пневмопих и сказали пихать в оставшееся яйцо. Издеваются.
  1898 | D:3      | Learned a level 4 spell: Summon Ice Beast
  1973 | D:3      | oplop: kek
  1978 | D:3      | Found a blossoming altar of Fedhas.
  2011 | D:3      | Wingboner: ??cj
  2011 | D:3      | beem: conjurer[1/1]: Identify target. Blast target to tiny bits. Rinse and repeat. Starts with the {book of Conjurations}.
  2011 | D:3      | Wingboner: ??book of conjurations
  2011 | D:3      | beem: book of conjurations[1/1]: Magic Dart, Searing Ray, Dazzling Spray, Fulminant Prism, Iskenderun's Mystic Blast, Iskenderun's Battlesphere
  2015 | D:3      | Wingboner: Вот вместо болтосферы теперь force lance.
  2046 | D:3      | Found a stormy altar of Qazlal.
  2127 | D:3      | oplop: азаза
  2127 | D:3      | Wingboner: Не то слово.
  2127 | D:3      | oplop: сферу убрали из книги или вообще?
  2179 | D:4      | Found Ciraif's Jewellery Shop.
  2189 | D:4      | Wingboner: Из книги, теперь хрен найдёшь.
  2189 | D:4      | oplop: вм и ае в 0.19 прокачали или в транке?
  2189 | D:4      | Wingboner: Зато VM и AE книгу улучшили.
  2189 | D:4      | Wingboner: В транке.
  2256 | D:4      | Found a sparkling altar of Nemelex Xobeh.
  2317 | D:4      | Found Vaytotreng's Jewellery Shop.
  2325 | D:4      | Wingboner: Мне новый AE, пожалуй, сейчас на втором месте после IE.
  2387 | D:4      | Wingboner: Он не так чтобы сильно мощный, но очень удобный.
  2389 | D:5      | Entered Level 5 of the Dungeon
  2415 | D:4      | Wingboner: А VM наконец-то стал тем, чем давно должен был быть.
  2447 | D:5      | Wingboner: Охренительно нагибает начало игры, а потом быстро становится говном.
  2459 | D:5      | oplop: фапотька
  2476 | D:5      | Got a faintly glowing trident
  2477 | D:5      | Identified the +9 trident "Atusmum" {drain, +Inv MR+} (You found it on level 5 of the Dungeon)
  2478 | D:5      | oplop: АЗАЗА
  2478 | D:5      | Wingboner: То есть если взять Веха или Сиф, то как раз к моменту появления хороших заклинаний от бога яд устаревает.
  2504 | D:5      | Found an iron altar of Okawaru.
  2624 | D:5      | Wingboner: Раньше он и в начале игры был ниоче, а теперь он практически минотабер на старте.
  2665 | D:5      | Found a staircase to the Ecumenical Temple.
  2674 | D:5      | Wingboner: Неплохая жабоштрыкалка.
  2690 | D:5      | Reached XP level 6. HP: 34/39 MP: 6/11
  2733 | D:5      | Reached skill level 1 in Summonings
  2805 | Temple   | Entered the Ecumenical Temple
  2875 | Temple   | Wingboner: Улитка!
  2901 | D:5      | oplop: да
  2901 | D:5      | oplop: пока рано
  2978 | D:5      | Reached skill level 5 in Ice Magic
  3097 | D:5      | Noticed a necrophage
  3105 | D:5      | Killed a necrophage
  3172 | D:5      | Wingboner: А я б взял и максил уворот.
  3178 | D:5      | Wingboner: Или бистов.
  3178 | D:5      | oplop: надо начать бистов кастовать
  3178 | D:5      | oplop: и потом брать улиточку
  3256 | D:5      | Noticed a necrophage
  3257 | D:5      | Wingboner: ??is clan down
  3262 | D:5      | beem: 7 days, 41 minutes, 37 seconds since last activity (clan)
  3262 | D:5      | oplop: шо с кланом?
  3264 | D:5      | Killed a necrophage
  3264 | D:5      | Reached XP level 7. HP: 39/45 MP: 9/13
  3312 | D:5      | Wingboner: Синхронизация отвалилась.
  3348 | D:6      | Noticed Sigmund
  3358 | D:6      | Wingboner: У меня из-за этого пока что две победы в ачивку не считаются, пичалька.
  3535 | D:6      | Learned a level 4 spell: Throw Icicle
  3736 | D:6      | Wingboner: !fanatic chei xenobreeder
  3736 | D:6      | oplop: вилка огонь
  4038 | D:6      | Noticed a hill giant
  4127 | Temple   | Became a worshipper of Cheibriados the Contemplative
  4145 | D:5      | beem: Unwon races and classes for xenobreeder with chei: Barachian, Kobold, Arcane Marksman, Gladiator
  4145 | D:5      | Wingboner: Реально мне только KoGl выиграть осталось.
  4145 | D:5      | oplop: и можно дропать кравл?:)
  4145 | D:5      | Wingboner: Кек.
  4145 | D:5      | oplop: а че там за новая раса жаб каких то?
  4145 | D:5      | Wingboner: Да, они пока говно, но вроде собираются перепиливать, т.к. даже девы осознали, что они говно.
  4240 | D:7      | Found a hazy altar of Hepliaklqana.
  4284 | D:7      | Wingboner: Можешь себе представить, КАКОЕ раса говно, если её уже бафнули на +6 статов, и она ВСЁ РАВНО говно.
  4287 | D:7      | Reached XP level 8. HP: 45/52 MP: 11/15
  4329 | D:7      | Reached skill level 6 in Ice Magic
  4375 | D:7      | Reached skill level 1 in Invocations
  4376 | D:7      | Wingboner: Дратути.
  4834 | D:7      | Reached * piety under Cheibriados
  4882 | D:8      | Found a staircase to the Lair.
  4950 | D:8      | Reached skill level 7 in Ice Magic
  4970 | D:8      | Reached skill level 5 in Summonings
  4971 | D:8      | oplop: чет озошубу еще нерфанули чтоле
  4971 | D:8      | oplop: а
  4971 | D:8      | oplop: он в меня огнем пернул
  4971 | D:8      | oplop: тогда ясно
  5091 | D:8      | Noticed a red ugly thing
  5115 | D:8      | Slain by a red ugly thing

Skill      XL: |  1  2  3  4  5  6  7  8 |
---------------+-------------------------+-----
Fighting       | 1 2 3 |  3.8
Ice Magic      | 4 5 7 |  7.1
Spellcasting   | 3 4 |  4.6
Summonings     | 2 3 5 |  5.1
Invocations    | 2 |  2.6
Dodging        | |  2.0
Stealth        | |  2.6
Conjurations   | |  1.0

Action                   |  1- 3 |  4- 6 |  7- 9 || total
-------------------------+-------+-------+-------++-------
Melee: Unarmed           |    89 |    63 |       ||   152
       Constrict         |    27 |    19 |     9 ||    55
       Tentacles         |    11 |    13 |    10 ||    34
       Trident           |       |    33 |    75 ||   108
 Cast: Freeze            |    21 |    22 |       ||    43
       Ozocubu's Armour  |       |     8 |    10 ||    18
       Summon Ice Beast  |       |       |     8 ||     8
  Use: Scroll            |     7 |     2 |     3 ||    12
       Potion            |     2 |       |       ||     2
 Stab: Sleeping          |    16 |     2 |     3 ||    21
       Distracted        |     1 |     1 |       ||     2
  Eat: Chunk             |     2 |    16 |     1 ||    19
       Beef jerky        |       |     1 |       ||     1
Armor: Skin              |     9 |    11 |    13 ||    33
Dodge: Dodged            |    97 |    63 |    41 ||   201
